[ PARTIDA AOE2 · #475233124 ]
UnrankedPersas vs Bulgarians
Equipo del jugador · VICT
Equipo rival · DERR
[ ANÁLISIS DE REPETICIÓN · EXTRAÍDO DE LA PARTIDA GRABADA ]
Feudal
22:17
Castillos
33:55
Imperial
—
| APM promedio | 41.8 |
| APM pico | 117 |
| eAPM promedio | 21.7 |
| Aldeanos / militares | 75 / 43 |
Foco
⚔️ 24.5% · 🌾 75.5%
Archer ×26 · War Elephant ×5 · Knight ×4 · Militia ×4 · Battering Ram ×3 · Monk ×1
Feudal
25:11
Castillos
35:33
Imperial
—
| APM promedio | 23.7 |
| APM pico | 67 |
| eAPM promedio | 15.9 |
| Aldeanos / militares | 93 / 46 |
Foco
⚔️ 20.0% · 🌾 80.0%
Skirmisher ×27 · Militia ×8 · Spearman ×6 · Konnik ×5
Mapa de la partida
Recursos iniciales + cada clic de construcción. Líneas = muros · curvas = relieve. ◆ oro · ⬟ piedra · ● bayas · ✦ reliquia · ◌ hueco del cierre
Tu base· Abierta — flanco sin cerrar
Base de Sam· Abierta — flanco sin cerrar
Terreno inicial suavizado · ◌ = hueco del cierre detectado · pasá el cursor para detalles
Inputs por minuto
— hardzin - - Sam
Build order — hardzin
Primeras 150 de 233 acciones detectadas
| 0:02 | Crear | Villager (Male) |
| 0:02 | Crear | Villager (Male) |
| 0:02 | Crear | Villager (Male) |
| 0:02 | Crear | Villager (Male) |
| 0:03 | Crear | Villager (Male) |
| 0:03 | Crear | Villager (Male) |
| 0:05 | Construir | House |
| 0:07 | Construir | House |
| 1:41 | Crear | Villager (Male) |
| 2:08 | Investigar | Loom |
| 2:21 | Crear | Villager (Male) |
| 2:49 | Crear | Villager (Male) |
| 3:56 | Construir | Town Center |
| 4:08 | Construir | House |
| 4:11 | Construir | House |
| 5:52 | Crear | Villager (Male) |
| 7:43 | Crear | Villager (Male) |
| 9:17 | Construir | Lumber Camp |
| 9:26 | Crear | Villager (Male) |
| 9:26 | Crear | Villager (Male) |
| 9:26 | Crear | Villager (Male) |
| 10:11 | Crear | Villager (Male) |
| 10:11 | Crear | Villager (Male) |
| 10:11 | Crear | Villager (Male) |
| 11:12 | Crear | Villager (Male) |
| 11:12 | Crear | Villager (Male) |
| 11:12 | Crear | Villager (Male) |
| 11:12 | Crear | Villager (Male) |
| 11:47 | Construir | Mill |
| 12:33 | Crear | Villager (Male) |
| 12:33 | Crear | Villager (Male) |
| 12:51 | Construir | Mill |
| 13:11 | Crear | Villager (Male) |
| 13:14 | Crear | Villager (Male) |
| 13:14 | Crear | Villager (Male) |
| 13:22 | Construir | House |
| 13:43 | Construir | Outpost |
| 13:56 | Crear | Villager (Male) |
| 13:56 | Crear | Villager (Male) |
| 14:10 | Construir | Outpost |
| 14:16 | Construir | Mining Camp |
| 14:20 | Crear | Villager (Male) |
| 14:29 | Crear | Villager (Male) |
| 14:42 | Construir | Barracks |
| 14:54 | Crear | Villager (Male) |
| 15:20 | Crear | Villager (Male) |
| 15:22 | Construir | House |
| 15:37 | Construir | House |
| 15:45 | Construir | House |
| 15:49 | Construir | House |
| 16:11 | Crear | Militia |
| 16:27 | Crear | Villager (Male) |
| 16:32 | Crear | Militia |
| 16:38 | Crear | Villager (Male) |
| 16:46 | Construir | Palisade Wall |
| 16:56 | Crear | Villager (Male) |
| 17:20 | Crear | Villager (Male) |
| 18:15 | Crear | Villager (Male) |
| 18:16 | Crear | Villager (Male) |
| 18:18 | Crear | Villager (Male) |
| 18:52 | Construir | Town Center |
| 19:09 | Construir | House |
| 20:13 | Investigar | Feudal Age |
| 21:00 | Construir | Outpost |
| 21:22 | Crear | Villager (Male) |
| 21:23 | Crear | Villager (Male) |
| 21:31 | Construir | Lumber Camp |
| 21:45 | Construir | Mill |
| 22:17 | Edad | Edad Feudal |
| 22:18 | Investigar | Town Watch |
| 22:20 | Crear | Villager (Male) |
| 22:23 | Investigar | Double-Bit Axe |
| 22:49 | Construir | Outpost |
| 22:55 | Crear | Villager (Male) |
| 23:20 | Construir | Farm |
| 23:23 | Crear | Villager (Male) |
| 23:32 | Construir | Outpost |
| 23:41 | Crear | Militia |
| 23:41 | Crear | Militia |
| 24:02 | Construir | Farm |
| 24:02 | Construir | Farm |
| 24:03 | Construir | Farm |
| 24:13 | Crear | Villager (Male) |
| 24:13 | Crear | Villager (Male) |
| 24:23 | Investigar | Man-at-Arms (upgrade) |
| 24:38 | Construir | Watch Tower |
| 24:44 | Construir | Farm |
| 24:46 | Crear | Villager (Male) |
| 25:39 | Construir | Watch Tower |
| 26:09 | Construir | Archery Range |
| 26:19 | Crear | Villager (Male) |
| 26:19 | Crear | Villager (Male) |
| 26:33 | Construir | Watch Tower |
| 27:29 | Construir | Mining Camp |
| 27:42 | Construir | Farm |
| 27:42 | Construir | Farm |
| 27:43 | Construir | Farm |
| 27:43 | Construir | Farm |
| 27:43 | Construir | Farm |
| 27:51 | Construir | Market |
| 28:00 | Crear | Villager (Male) |
| 28:01 | Crear | Villager (Male) |
| 28:20 | Investigar | Gold Mining |
| 28:42 | Crear | Villager (Male) |
| 28:49 | Construir | Farm |
| 28:50 | Construir | Farm |
| 29:07 | Construir | Lumber Camp |
| 29:10 | Investigar | Horse Collar |
| 29:11 | Crear | Villager (Male) |
| 29:14 | Construir | Farm |
| 29:31 | Construir | Farm |
| 29:32 | Crear | Villager (Male) |
| 29:34 | Crear | Villager (Male) |
| 29:48 | Construir | House |
| 30:05 | Construir | Watch Tower |
| 30:13 | Construir | Farm |
| 30:15 | Construir | Farm |
| 30:15 | Crear | Villager (Male) |
| 30:16 | Crear | Villager (Male) |
| 30:30 | Construir | Farm |
| 31:10 | Crear | Archer |
| 31:11 | Crear | Archer |
| 31:18 | Construir | Archery Range |
| 31:21 | Construir | Farm |
| 31:23 | Construir | Farm |
| 31:30 | Investigar | Castle Age |
| 31:52 | Construir | Blacksmith |
| 32:01 | Investigar | Stone Mining |
| 32:16 | Construir | Stone Wall |
| 32:21 | Construir | Stone Wall |
| 32:25 | Construir | Stone Wall |
| 32:35 | Construir | Stone Wall |
| 32:38 | Construir | Stone Wall |
| 32:44 | Investigar | Fletching |
| 32:47 | Crear | Archer |
| 32:48 | Crear | Archer |
| 33:10 | Crear | Villager (Male) |
| 33:11 | Crear | Villager (Male) |
| 33:30 | Crear | Archer |
| 33:30 | Crear | Archer |
| 33:31 | Crear | Archer |
| 33:31 | Crear | Archer |
| 33:36 | Construir | Stable |
| 33:42 | Investigar | Padded Archer Armor |
| 33:54 | Crear | Archer |
| 33:55 | Edad | Edad de los Castillos |
| 34:01 | Investigar | Crossbowman (upgrade) |
| 34:14 | Construir | House |
| 34:18 | Crear | Villager (Male) |
| 34:32 | Construir | Watch Tower |
Build order — Sam
Primeras 150 de 215 acciones detectadas
| 0:01 | Crear | Villager (Male) |
| 0:01 | Crear | Villager (Male) |
| 0:03 | Construir | House |
| 0:05 | Construir | House |
| 0:09 | Construir | House |
| 0:14 | Crear | Villager (Male) |
| 0:14 | Crear | Villager (Male) |
| 0:14 | Crear | Villager (Male) |
| 1:46 | Crear | Villager (Male) |
| 1:46 | Crear | Villager (Male) |
| 2:43 | Crear | Villager (Male) |
| 2:43 | Crear | Villager (Male) |
| 3:13 | Crear | Villager (Male) |
| 3:13 | Crear | Villager (Male) |
| 3:42 | Crear | Villager (Male) |
| 4:29 | Crear | Villager (Male) |
| 4:29 | Crear | Villager (Male) |
| 5:16 | Investigar | Loom |
| 5:52 | Crear | Villager (Male) |
| 5:52 | Crear | Villager (Male) |
| 6:36 | Crear | Villager (Male) |
| 6:41 | Construir | Lumber Camp |
| 9:16 | Construir | Town Center |
| 10:51 | Crear | Villager (Male) |
| 10:51 | Crear | Villager (Male) |
| 11:13 | Crear | Villager (Male) |
| 11:14 | Crear | Villager (Male) |
| 11:43 | Crear | Villager (Male) |
| 11:43 | Crear | Villager (Male) |
| 12:12 | Crear | Villager (Male) |
| 12:17 | Construir | House |
| 12:39 | Crear | Villager (Male) |
| 12:39 | Crear | Villager (Male) |
| 13:11 | Construir | Mill |
| 13:18 | Crear | Villager (Male) |
| 13:19 | Crear | Villager (Male) |
| 14:05 | Crear | Villager (Male) |
| 14:19 | Construir | Farm |
| 14:32 | Crear | Villager (Male) |
| 14:40 | Construir | House |
| 14:57 | Crear | Villager (Male) |
| 15:20 | Construir | Farm |
| 15:23 | Crear | Villager (Male) |
| 15:29 | Construir | Farm |
| 15:40 | Crear | Villager (Male) |
| 15:50 | Construir | House |
| 15:57 | Construir | Farm |
| 15:57 | Crear | Villager (Male) |
| 16:14 | Crear | Villager (Male) |
| 16:17 | Construir | Farm |
| 16:45 | Construir | Farm |
| 16:53 | Construir | Farm |
| 16:56 | Crear | Villager (Male) |
| 17:13 | Construir | House |
| 17:38 | Crear | Villager (Male) |
| 17:38 | Crear | Villager (Male) |
| 18:52 | Crear | Villager (Male) |
| 18:52 | Crear | Villager (Male) |
| 20:11 | Construir | Lumber Camp |
| 20:19 | Construir | House |
| 20:24 | Crear | Villager (Male) |
| 20:27 | Crear | Villager (Male) |
| 20:50 | Crear | Villager (Male) |
| 21:14 | Construir | Mill |
| 21:16 | Construir | Farm |
| 21:16 | Construir | Farm |
| 21:17 | Construir | Farm |
| 21:17 | Construir | Farm |
| 21:17 | Construir | Farm |
| 21:18 | Construir | Farm |
| 21:18 | Construir | Farm |
| 21:20 | Construir | Farm |
| 21:31 | Crear | Villager (Male) |
| 21:49 | Construir | Mining Camp |
| 22:04 | Construir | Town Center |
| 23:01 | Investigar | Feudal Age |
| 23:06 | Crear | Villager (Male) |
| 23:14 | Construir | House |
| 23:15 | Construir | House |
| 23:24 | Construir | Barracks |
| 23:32 | Construir | House |
| 23:46 | Construir | House |
| 24:10 | Crear | Villager (Male) |
| 24:13 | Crear | Militia ×2 |
| 24:27 | Construir | Lumber Camp |
| 24:33 | Crear | Militia |
| 24:54 | Crear | Militia |
| 25:11 | Edad | Edad Feudal |
| 25:33 | Crear | Militia |
| 25:33 | Crear | Militia |
| 25:43 | Construir | Farm |
| 25:43 | Construir | Farm |
| 25:44 | Construir | Farm |
| 25:44 | Construir | Farm |
| 25:44 | Construir | Farm |
| 25:44 | Construir | Farm |
| 25:44 | Construir | Farm |
| 26:17 | Construir | Mill |
| 26:28 | Crear | Militia |
| 26:28 | Crear | Militia |
| 26:53 | Construir | Lumber Camp |
| 27:21 | Construir | Farm |
| 27:22 | Construir | Farm |
| 27:37 | Crear | Villager (Male) |
| 27:38 | Crear | Villager (Male) |
| 27:48 | Construir | Farm |
| 27:49 | Construir | Farm |
| 27:49 | Construir | Farm |
| 27:49 | Construir | Farm |
| 27:49 | Construir | Farm |
| 27:50 | Construir | Farm |
| 27:50 | Construir | Farm |
| 28:09 | Construir | Barracks |
| 28:16 | Construir | Archery Range |
| 28:23 | Investigar | Double-Bit Axe |
| 28:24 | Crear | Villager (Male) |
| 28:24 | Crear | Villager (Male) |
| 28:59 | Investigar | Arson |
| 29:00 | Crear | Villager (Male) |
| 29:00 | Crear | Villager (Male) |
| 29:06 | Construir | Farm |
| 29:10 | Construir | House |
| 29:11 | Construir | House |
| 29:12 | Construir | House |
| 29:16 | Crear | Skirmisher |
| 29:17 | Crear | Skirmisher |
| 29:23 | Construir | Barracks |
| 29:32 | Crear | Villager (Male) |
| 29:32 | Crear | Villager (Male) |
| 29:42 | Construir | Blacksmith |
| 29:48 | Crear | Skirmisher |
| 30:09 | Crear | Villager (Male) |
| 30:24 | Construir | Mining Camp |
| 30:32 | Construir | Farm |
| 30:32 | Construir | Farm |
| 30:34 | Construir | Farm |
| 30:35 | Construir | Farm |
| 30:51 | Construir | Farm |
| 31:09 | Crear | Villager (Male) |
| 31:09 | Crear | Villager (Male) |
| 31:17 | Construir | Farm |
| 31:37 | Construir | Farm |
| 31:47 | Crear | Villager (Male) |
| 32:28 | Crear | Villager (Male) |
| 32:51 | Investigar | Castle Age |
| 33:31 | Crear | Villager (Male) |
| 33:32 | Crear | Villager (Male) |
| 33:36 | Construir | Mining Camp |
| 33:44 | Crear | Villager (Male) |
| 34:56 | Construir | Lumber Camp |
Cronología de la partida
| 14:42 | hardzin · first_building Barracks |
| 16:46 | hardzin · wall_segment Palisade Wall x1 |
| 22:17 | hardzin · age_up feudal |
| 23:24 | Sam · first_building Barracks |
| 25:11 | Sam · age_up feudal |
| 26:09 | hardzin · first_building Archery Range |
| 28:16 | Sam · first_building Archery Range |
| 28:59 | hardzin · first_market_buy 100 wood |
| 32:16 | hardzin · wall_segment Stone Wall x3 |
| 32:21 | hardzin · wall_segment Stone Wall x1 |
| 32:25 | hardzin · wall_segment Stone Wall x1 |
| 32:35 | hardzin · wall_segment Stone Wall x1 |
| 32:38 | hardzin · wall_segment Stone Wall x1 |
| 33:36 | hardzin · first_building Stable |
| 33:55 | hardzin · age_up castle |
| 35:26 | hardzin · first_building Monastery |
| 35:33 | Sam · age_up castle |
| 37:02 | hardzin · first_market_sell 100 food |
| 37:41 | Sam · wall_segment Palisade Wall x1 |
| 39:45 | Sam · first_market_sell 500 food |
| 39:51 | Sam · first_market_buy 100 wood |
| 42:56 | hardzin · first_building Castle |
| 43:25 | Sam · first_building Castle |
| 44:51 | hardzin · first_building Siege Workshop |
| 47:32 | Sam · resign |
[ ANÁLISIS IA · 1 CRÉDITO ]
¿Qué pasó realmente en esta partida?
Wolo.gg analiza cada decisión: build order, eco, micro, errores típicos por bracket. Análisis personalizado por WhatsApp o Discord en 30 segundos.
Guía civ
Persas
Perfil
Jugador #22358202